[Event "Team 45 45 League T86"]
[Site "Internet Chess Club"]
[Date "2020.10.07"]
[Round "2"]
[White "Gojira"]
[Black "Chess4Him"]
[Result "0-1"]
[WhiteElo "1521"]
[BlackElo "1523"]
[Opening "Queen's pawn: Chigorin variation"]
[ECO "D00"]
[Time "21:01:01"]
[TimeControl "2700+45"]

1. d4 d5 2. Nc3 Nf6 3. Bf4 c5 4. e3 cxd4 5. exd4 a6 6. Nf3 Bg4 7. h3 Bxf3 8.
Qxf3 Nc6 9. O-O-O e6 10. Qg3 Nh5 11. Qf3 Nxf4 12. Qxf4 Bd6 13. Qe3 O-O 14. Nb1
Qc7 15. Nd2 Bf4 16. Qc3 b5 17. g3 b4 18. Qd3 Bd6 19. b3 Rfc8 20. Nf3 Na7 21. Qe3
Qxc2# {White checkmated} 0-1

[Event "Team 45 45 League T86"]
[Site "Internet Chess Club"]
[Date "2020.10.10"]
[Round "2"]
[White "BrerRabbit"]
[Black "rkjulianjr"]
[Result "1-0"]
[WhiteElo "1410"]
[BlackElo "1343"]
[Opening "Queen's pawn game, Darooha variation "]
[ECO "D02"]
[Time "10:01:17"]
[TimeControl "2700+45"]

1. d4 d5 2. Nf3 Nf6 3. g3 c6 4. Bg2 Bg4 5. O-O e6 6. c4 Nbd7 7. Qb3 Qb6 8. c5
Qa6 9. Re1 b6 10. cxb6 Rb8 11. Qd1 Rxb6 12. Nc3 Bd6 13. b3 c5 14. e4 dxe4 15.
Nxe4 O-O 16. dxc5 Bxc5 17. Nxc5 Nxc5 18. Be3 Rd6 19. Qe2 Nd3 20. Red1 Rfd8 21.
Rd2 Ne4 22. Rc2 Rc8 23. Rxc8+ Qxc8 24. h3 Nc3 25. Qf1 Bxf3 26. Bxf3 Ne5 27. Be2
Nxe2+ 28. Qxe2 f6 29. Bf4 Rd5 30. Rc1 Rc5 31. Rxc5 Qxc5 32. Qd1 Nc6 33. Qc1 Qd5
34. Qd2 Nd4 35. Qe3 Nf3+ 36. Kf1 Qd1+ 37. Kg2 Ne1+ 38. Kh2 Nf3+ 39. Kg2 Ng1 40.
Qd2 Ne2 41. Qxd1 {Black resigns} 1-0

[Event "Team 45 45 League T86"]
[Site "Internet Chess Club"]
[Date "2020.10.10"]
[Round "2"]
[White "CMAlge"]
[Black "dpmdpm"]
[Result "0-1"]
[WhiteElo "1272"]
[BlackElo "1522"]
[Opening "French: advance variation"]
[ECO "C02"]
[Time "14:00:52"]
[TimeControl "2700+45"]

1. e4 e6 2. d4 d5 3. e5 c5 4. c3 cxd4 5. cxd4 Ne7 6. Bb5+ Bd7 7. Qa4 Nbc6 8. Nf3
a6 9. Bxc6 Bxc6 10. Qd1 Ng6 11. O-O Be7 12. Be3 O-O 13. Qd2 Rc8 14. a3 Qb6 15.
b4 Bb5 16. Rd1 Bc4 17. Nc3 Rc6 18. Na4 Qc7 19. Nc5 Bxc5 20. bxc5 b6 21. a4 bxc5
22. dxc5 Nxe5 23. Nxe5 Qxe5 24. Bd4 Qf5 25. Ra3 e5 26. Rf3 Qh5 27. Rh3 Qf5 28.
Rf3 Qe6 29. Re1 e4 30. Rg3 f6 31. Qh6 Qf7 32. Qf4 g6 33. h4 f5 34. h5 Re6 35.
Qh6 f4 36. hxg6 Rxg6 37. Rxg6+ Qxg6 38. Qxg6+ hxg6 39. g3 fxg3 40. fxg3 Re8 41.
Rb1 e3 42. Re1 e2 43. c6 Rc8 44. Kf2 Rxc6 45. Rc1 Re6 46. Be3 Rd6 47. Rb1 d4 48.
Rb8+ Kf7 49. Bd2 Rf6+ 50. Kg2 Bd5+ 51. Kh3 Rf1 52. Rd8 Be6+ 53. Kg2 e1=Q 54.
Bxe1 Rxe1 55. Rxd4 a5 56. Rd8 Ra1 57. Rd4 Bb3 58. Rf4+ Kg7 {White resigns} 0-1

[Event "Team 45 45 League T86"]
[Site "Internet Chess Club"]
[Date "2020.10.11"]
[Round "2"]
[White "stantheman59"]
[Black "seldredg"]
[Result "0-1"]
[WhiteElo "1243"]
[BlackElo "1346"]
[Opening "Dutch"]
[ECO "A80"]
[Time "16:35:26"]
[TimeControl "2700+45"]

1. d4 f5 2. Bf4 Nf6 3. Nf3 e6 4. e3 Be7 5. Bd3 O-O 6. O-O d6 7. Nbd2 Nh5 8. Nc4
Bf6 9. c3 Qe8 10. Re1 Nc6 11. h3 Nxf4 12. exf4 b5 13. Ncd2 b4 14. Bxf5 Qf7 15.
Bd3 Rb8 16. Qc2 g6 17. Qa4 bxc3 18. bxc3 Bd7 19. Bb5 Rxb5 20. Qxb5 Nxd4 21. Qe2
Nxe2+ 22. Rxe2 Bxc3 23. Ne4 Bxa1 24. Neg5 Qxf4 25. Re4 Qc1+ 26. Kh2 Rxf3 27.
Nxf3 Qc2 28. Kg3 {White resigns} 0-1

[Event "Team 45 45 League T86"]
[Site "Internet Chess Club"]
[Date "2020.10.12"]
[Round "2"]
[White "ascoli"]
[Black "clarinetref"]
[Result "1-0"]
[WhiteElo "1649"]
[BlackElo "1431"]
[Opening "Modern defense: Averbakh system"]
[ECO "B06"]
[Time "14:21:03"]
[TimeControl "2700+45"]

1. e4 g6 2. d4 Bg7 3. c4 d6 4. Nc3 Nd7 5. Nf3 c5 6. Be3 cxd4 7. Nxd4 Ngf6 8. h3
a6 9. Be2 Nc5 10. Qc2 Qc7 11. O-O O-O 12. b4 Ne6 13. Rfd1 Nxd4 14. Bxd4 Be6 15.
Qd3 Rac8 16. Nd5 Bxd5 17. exd5 Rfe8 18. Rac1 e5 19. dxe6 Rxe6 20. Bxf6 Bxf6 21.
Bg4 Be5 22. Bxe6 fxe6 23. c5 d5 24. g3 Qg7 25. Qe3 Rc6 26. Re1 Bd4 27. Qf3 Qd7
28. Qg4 Bg7 29. Rc2 Qf7 30. Rce2 h5 31. Qh4 Bc3 32. Rd1 Bf6 33. Qf4 Rc8 34. Qd6
Re8 35. Kg2 Bd8 36. Qf4 Qg7 37. Qe3 Re7 38. Qe5 Qf7 39. Qb8 Rd7 40. Rde1 Kg7 41.
Qe5+ Bf6 42. Qxe6 Bc3 43. Qxf7+ Rxf7 44. Rb1 d4 45. Rc2 Rf6 46. Rb3 Be1 47. Rb1
Bc3 48. f4 b6 49. cxb6 Rxb6 50. a3 Rc6 51. Rd1 Re6 52. Rd3 Ba1 53. Kf3 Kf6 54.
Rc5 Rd6 55. Rc1 Bb2 56. Rc2 Ba1 57. Rd1 d3 58. Rcd2 Bc3 59. Rxd3 Rxd3+ 60. Rxd3
Bb2 61. Rd6+ Kf7 62. Rxa6 {Black resigns} 1-0

[Event "Team 45 45 League T86"]
[Site "Internet Chess Club"]
[Date "2020.10.11"]
[Round "2"]
[White "gregorgg"]
[Black "dabodhi"]
[Result "0-1"]
[WhiteElo "1360"]
[BlackElo "1372"]
[Opening "French defense"]
[ECO "C00"]
[Time "15:32:09"]
[TimeControl "2700+45"]

1. e4 e6 2. Nf3 d5 3. e5 d4 4. Bb5+ c6 5. Ba4 b5 6. Bb3 Qb6 7. O-O Nh6 8. a4 Nf5
9. axb5 cxb5 10. d3 Bb7 11. c3 Nc6 12. Nbd2 Be7 13. Ne4 O-O 14. Bg5 Bxg5 15.
Nexg5 Rad8 16. Bxe6 fxe6 17. Nxe6 Nxe5 18. Nxd8 Nxf3+ 19. gxf3 Qxd8 20. Rxa7
Qg5+ 21. Kh1 Nh4 22. Qb3+ Kh8 23. Rg1 Bxf3+ {White resigns} 0-1

[Event "Team 45 45 League T86"]
[Site "Internet Chess Club"]
[Date "2020.10.07"]
[Round "2"]
[White "Just-Jim"]
[Black "dwmt"]
[Result "1/2-1/2"]
[WhiteElo "1169"]
[BlackElo "1134"]
[Opening "Queen's pawn: English defense"]
[ECO "A40"]
[Time "19:00:53"]
[TimeControl "2700+45"]

1. d4 b6 2. Nc3 Bb7 3. e4 d5 4. e5 e6 5. a3 Nc6 6. Nf3 Nge7 7. Bg5 h6 8. Be3 Nf5
9. Bd3 Nxe3 10. fxe3 Be7 11. O-O Qd7 12. h3 O-O-O 13. Nh2 Rdf8 14. Nb5 f5 15.
exf6 Rxf6 16. Rxf6 Bxf6 17. Ng4 Bg5 18. Qf3 h5 19. Nh2 Qe7 20. Rf1 Qf6 21. Qxf6
Bxf6 22. Bg6 a6 23. Nc3 Kd8 24. Nf3 Bc8 25. Ne5 Nxe5 26. dxe5 Bxe5 27. Nd1 Ke7
28. c3 Bf6 29. e4 h4 30. exd5 exd5 31. Re1+ Kd6 32. Ne3 Rh6 33. Bf7 c6 34. Rd1
b5 35. c4 d4 36. Nc2 Kc5 37. cxb5 axb5 38. Nb4 Kb6 39. Rc1 Bb7 40. Be8 Bg5 41.
Rc2 Be3+ 42. Kh1 Rf6 43. Nd3 Rf1+ 44. Kh2 Bg1+ 45. Kh1 {Game drawn by mutual
agreement} 1/2-1/2

[Event "Team 45 45 League T86"]
[Site "Internet Chess Club"]
[Date "2020.10.11"]
[Round "2"]
[White "Timmah4651"]
[Black "Signofthetimes"]
[Result "1-0"]
[WhiteElo "1544"]
[BlackElo "1511"]
[Opening "Caro-Kann: advance variation"]
[ECO "B12"]
[Time "22:00:34"]
[TimeControl "2700+45"]

1. e4 c6 2. d4 d5 3. e5 Bf5 4. Nf3 e6 5. Be2 c5 6. Be3 Qb6 7. Nc3 c4 8. O-O Nd7
9. Rb1 Bb4 10. Nh4 Ne7 11. Na4 Qc7 12. Nxf5 Nxf5 13. Bf4 b5 14. Nc3 Bxc3 15.
bxc3 Qa5 16. Bd2 O-O 17. g4 Ne7 18. h4 Rfb8 19. f4 Nc6 20. f5 Qb6 21. Kh1 Qd8
22. f6 a5 23. g5 b4 24. fxg7 bxc3 25. Bxc3 Rxb1 26. Qxb1 Ne7 27. Bg4 Kxg7 28. h5
Nc6 29. Qc1 Qe7 30. Qf4 Rg8 31. h6+ Kf8 32. Bh5 Rxg5 33. Qxf7+ Qxf7 34. Bxf7 Ke7
35. Bd2 Rg4 36. c3 Nd8 37. Bxe6 Kxe6 38. Kh2 Nf7 39. Kh3 Rg6 40. Rb1 Nxh6 41.
Rb7 Nf5 42. Ra7 Rg3+ 43. Kh2 Rd3 44. Be1 Re3 45. Ra6+ Ke7 46. Bf2 Re2 47. Kg2
Rxa2 48. Kf3 h5 49. e6 Nf6 50. Bg1 Ra3 51. Kf4 Nd6 52. Ke5 Nfe4 53. Kxd5 Nxc3+
54. Ke5 Ncb5 55. d5 c3 56. Bc5 Ra2 57. Bxd6+ Nxd6 58. Ra7+ Kf8 59. Kxd6 c2 60.
e7+ Kf7 61. Rc7 Rb2 62. Kd7 Rb8 63. d6 h4 64. Rxc2 h3 65. Rf2+ Kg6 66. e8=Q+
Rxe8 67. Kxe8 a4 68. d7 a3 69. d8=Q h2 {Black resigns} 1-0

[Event "Team 45 45 League T86"]
[Site "Internet Chess Club"]
[Date "2020.10.10"]
[Round "2"]
[White "scostanzo212"]
[Black "Snuffleupegus"]
[Result "1-0"]
[WhiteElo "1642"]
[BlackElo "1494"]
[Opening "Grünfeld: Spassky variation, main line, 10...cd, 11.cd"]
[ECO "D88"]
[Time "15:01:03"]
[TimeControl "2700+45"]

1. d4 d5 2. c4 Nf6 3. Nc3 g6 4. cxd5 Nxd5 5. e4 Nxc3 6. bxc3 Bg7 7. Bc4 c5 8.
Ne2 cxd4 9. cxd4 Nc6 10. Be3 O-O 11. O-O a6 12. a4 Qd7 13. Qd2 Na7 14. a5 Nb5
15. Rfd1 Rd8 16. f3 Nd6 17. Qb4 Qc7 18. Rac1 Nxc4 19. Rxc4 Qd6 20. Qxd6 Rxd6 21.
Rc7 Rd7 22. Rdc1 Rxc7 23. Rxc7 Bf8 24. Nc3 Rb8 25. Na4 e6 26. Nb6 Bb4 27. Rxc8+
Rxc8 28. Nxc8 Bxa5 29. d5 {Black resigns} 1-0

[Event "Team 45 45 League T86"]
[Site "Internet Chess Club"]
[Date "2020.10.08"]
[Round "2"]
[White "Grenadier"]
[Black "Kingofknights"]
[Result "1/2-1/2"]
[WhiteElo "1574"]
[BlackElo "1553"]
[Opening "Caro-Kann: exchange variation"]
[ECO "B13"]
[Time "17:00:27"]
[TimeControl "2700+45"]

1. e4 c6 2. d4 d5 3. exd5 cxd5 4. Bd3 Nc6 5. c3 e5 6. dxe5 Nxe5 7. Qe2 Qe7 8.
Bb5+ Bd7 9. Bxd7+ Nxd7 10. Bf4 Ngf6 11. Na3 Qxe2+ 12. Nxe2 Bxa3 13. bxa3 O-O 14.
O-O Rac8 15. f3 Rfe8 16. Kf2 Nc5 17. Rfd1 Na4 18. Bd2 b5 19. Rab1 a6 20. Be1 Nb6
21. g4 Nfd7 22. Nd4 Na4 23. Ne2 Ndb6 24. h4 f6 25. Kf1 Kf7 26. Bf2 Rxe2 27. Kxe2
Nxc3+ 28. Kf1 Nba4 29. Rbc1 Rc4 30. Rd2 Ke6 31. Rdc2 d4 32. Be1 Kd5 33. Bd2 Nb1
34. Bb4 Nbc3 35. Ke1 g6 36. Kd2 f5 37. gxf5 gxf5 38. Rg1 Ke5 39. Rg7 Kf4 40. Rf7
Kxf3 41. Rxf5+ Kg4 42. Rf7 h5 43. Rg7+ Kf3 44. Rg6 Ne4+ 45. Kc1 Nac3 46. Rxa6 d3
47. Rxc3 Nxc3 48. Bxc3 Rxc3+ 49. Kd2 Rc4 50. Kxd3 Rxh4 51. Rh6 Kg4 52. Rb6 Rh3+
53. Ke2 Rxa3 54. Rxb5 Rxa2+ 55. Kf1 Ra3 56. Rb2 h4 57. Rg2+ Kh3 58. Rg8 Kh2 59.
Rh8 h3 60. Kf2 Ra2+ 61. Kf1 Rg2 62. Ke1 Rg4 63. Kf2 Rf4+ 64. Ke3 Kg3 65. Rxh3+
{Game drawn by mutual agreement} 1/2-1/2

[Event "Team 45 45 League T86"]
[Site "Internet Chess Club"]
[Date "2020.10.12"]
[Round "2"]
[White "tightfist"]
[Black "GoIrish"]
[Result "0-1"]
[WhiteElo "1521"]
[BlackElo "1498"]
[Opening "Polish (Sokolsky) opening"]
[ECO "A00"]
[Time "20:30:25"]
[TimeControl "2700+45"]

1. b4 Nf6 2. Bb2 e6 3. a3 d5 4. Nf3 Bd6 5. e3 Nbd7 6. c4 dxc4 7. Bxc4 Nb6 8. Bb3
Bd7 9. O-O Bb5 10. d3 c5 11. a4 Bxd3 12. bxc5 Bxf1 13. cxd6 Bc4 14. a5 Bxb3 15.
Qxb3 Nc8 16. Qxb7 Nxd6 17. Qc6+ Ke7 18. Nc3 Rc8 19. Qa6 Qc7 20. h3 Qb7 21. Qe2
Rhd8 22. Ne5 Nfe4 23. Nxe4 Qxe4 24. Nd3 Nc4 25. Ra4 Qxd3 26. Qxd3 Rxd3 27. Bxg7
f6 28. Bh6 Ra3 29. Rb4 Nxa5 30. Rb1 Rac3 31. Kh2 Rc2 32. Rb5 R8c5 33. Rb8 Rc8
34. Rb5 R2c5 35. Rb4 R8c7 36. Bf4 e5 37. Bg3 Nc6 38. Rh4 Ke6 39. f4 a5 40. Rh5
a4 41. fxe5 Nxe5 42. Rh4 Ra7 43. Rb4 a3 44. Rb1 a2 45. Ra1 Rb5 46. Be1 Rb1 47.
Bc3 Rxa1 48. Bxa1 Rb7 49. Kg3 Rb1 {White resigns} 0-1

[Event "Team 45 45 League T86"]
[Site "Internet Chess Club"]
[Date "2020.10.09"]
[Round "2"]
[White "QuieroAprender"]
[Black "Insan996"]
[Result "1-0"]
[WhiteElo "1705"]
[BlackElo "1619"]
[Opening "Caro-Kann: Hillbilly attack"]
[ECO "B10"]
[Time "17:14:32"]
[TimeControl "2700+45"]

1. e4 c6 2. Bc4 d5 3. Bb3 dxe4 4. Qh5 g6 5. Qh4 Nf6 6. f3 exf3 7. Nxf3 Bg4 8.
Ne5 e6 9. Nxg4 Bg7 10. Nxf6+ Bxf6 11. Qf2 O-O 12. c3 Bh4 13. g3 Bg5 14. h4 Bh6
15. O-O Nd7 16. d4 Bg7 17. Bg5 Qc7 18. Be7 Rfe8 19. Qxf7+ Kh8 20. Kg2 Nf6 21.
Qxg7+ Kxg7 22. Bxf6+ Kg8 23. Be5 Qd7 24. Nd2 Rf8 25. Ne4 Rae8 26. Nf6+ Rxf6 27.
Rxf6 b6 28. Raf1 c5 29. Bxe6+ Rxe6 30. Rf8# {Black checkmated} 1-0

[Event "Team 45 45 League T86"]
[Site "Internet Chess Club"]
[Date "2020.10.11"]
[Round "2"]
[White "nidusin2"]
[Black "kabindra"]
[Result "1-0"]
[WhiteElo "1633"]
[BlackElo "1623"]
[Opening "KGD: Falkbeer, Charousek gambit"]
[ECO "C32"]
[Time "12:00:54"]
[TimeControl "2700+45"]

1. e4 e5 2. f4 d5 3. exd5 e4 4. d3 Nf6 5. dxe4 Nxe4 6. Qe2 f5 7. Nc3 Be7 8. Nxe4
fxe4 9. Qxe4 O-O 10. Bd3 Bf5 11. Qf3 Bxd3 12. Qxd3 Re8 13. Ne2 Bc5 14. Qc4 Nd7
15. Bd2 b5 16. Qb3 Nf6 17. Qxb5 Qe7 18. O-O-O Rab8 19. Qc4 Kh8 20. Nd4 Qe4 21.
Qxc5 Nxd5 22. Rhe1 {Black resigns} 1-0

[Event "Team 45 45 League T86"]
[Site "Internet Chess Club"]
[Date "2020.10.08"]
[Round "2"]
[White "Toalla"]
[Black "Kingfisher75"]
[Result "1/2-1/2"]
[WhiteElo "1244"]
[BlackElo "1514"]
[Opening "French: exchange variation"]
[ECO "C01"]
[Time "18:09:12"]
[TimeControl "2700+45"]

1. e4 e6 2. d4 d5 3. exd5 exd5 4. Nf3 Nf6 5. Bd3 c5 6. c3 Nc6 7. O-O c4 8. Bc2
Be7 9. Re1 O-O 10. Nbd2 Bg4 11. Nf1 h6 12. Ng3 Re8 13. h3 Bxf3 14. Qxf3 Bd6 15.
Rxe8+ Nxe8 16. Bf4 Bxf4 17. Qxf4 Qf6 18. Qxf6 Nxf6 19. Re1 g6 20. Re3 b5 21. a3
a5 22. b3 b4 23. a4 bxc3 24. bxc4 Nxd4 25. Rxc3 Nxc2 26. Rxc2 {Game drawn by
mutual agreement} 1/2-1/2

[Event "Team 45 45 League T86"]
[Site "Internet Chess Club"]
[Date "2020.10.11"]
[Round "2"]
[White "jg250686"]
[Black "Conjurer"]
[Result "1-0"]
[WhiteElo "1376"]
[BlackElo "1182"]
[Opening "Queen's pawn game"]
[ECO "E20"]
[Time "13:04:37"]
[TimeControl "2700+45"]

1. d4 Nf6 2. c4 e6 3. Nc3 d6 4. e4 g6 5. f3 Bg7 6. Be3 O-O 7. Qd2 Nbd7 8. Bh6 e5
9. Bxg7 Kxg7 10. d5 c5 11. g4 Nb6 12. h4 Nxc4 13. Bxc4 h6 14. O-O-O a6 15. g5
Nh5 16. gxh6+ Kh7 17. Nge2 b5 18. Bd3 Bd7 19. Rdg1 c4 20. Bc2 Qa5 21. Kb1 b4 22.
Nd1 Rab8 23. b3 c3 24. Qg5 Bb5 25. Ng3 Nf4 26. Qf6 Kxh6 27. Nf5+ {Black resigns}
1-0

[Event "Team 45 45 League T86"]
[Site "Internet Chess Club"]
[Date "2020.10.10"]
[Round "2"]
[White "noblitz-oblige"]
[Black "kabindra"]
[Result "0-1"]
[WhiteElo "1516"]
[BlackElo "1640"]
[Opening "Sicilian: Najdorf"]
[ECO "B90"]
[Time "14:00:32"]
[TimeControl "2700+45"]

1. e4 c5 2. Nf3 d6 3. d4 cxd4 4. Nxd4 a6 5. Nc3 Nf6 6. Bd3 e5 7. Nf3 b5 8. h3
Be7 9. O-O Nbd7 10. Be3 Bb7 11. a3 Rc8 12. Re1 Nb6 13. Qe2 Nc4 14. Bxc4 Rxc4 15.
Nd2 Rc8 16. f3 O-O 17. Rad1 Re8 18. Nf1 Nh5 19. Bf2 Nf4 20. Qd2 Qc7 21. Ne3 Red8
22. Ncd5 Bxd5 23. exd5 Qd7 24. c3 Re8 25. Kh2 Bg5 26. Qc2 g6 27. Nf1 f5 28. Ng3
a5 29. Ne2 Nxe2 30. Qxe2 e4 31. fxe4 Bf4+ 32. Bg3 Bxg3+ 33. Kxg3 Rxe4 34. Qf2
f4+ 35. Kh2 Rce8 36. Rxe4 Rxe4 37. Re1 Qf5 38. Rxe4 Qxe4 39. Qf3 Qxf3 40. gxf3
Kf7 41. Kg2 Kf6 42. Kf2 Ke5 43. Ke2 Kxd5 44. Kd3 g5 45. b3 h5 46. c4+ bxc4+ 47.
bxc4+ Kc5 48. Ke4 Kxc4 49. Kf5 d5 50. Kxg5 d4 51. Kxf4 d3 52. Ke3 Kc3 53. f4 Kc2
54. f5 d2 {White resigns} 0-1

[Event "Team 45 45 League T86"]
[Site "Internet Chess Club"]
[Date "2020.10.13"]
[Round "2"]
[White "Toalla"]
[Black "stanbeers"]
[Result "1-0"]
[WhiteElo "1259"]
[BlackElo "1394"]
[Opening "QGD Slav defense: exchange variation"]
[ECO "D10"]
[Time "13:16:33"]
[TimeControl "2700+45"]

1. d4 d5 2. c4 c6 3. cxd5 cxd5 4. Bf4 e6 5. Nc3 a6 6. e3 Nf6 7. Bd3 Nc6 8. Rc1
Bd6 9. Nf3 Bxf4 10. exf4 Bd7 11. O-O Rc8 12. Bb1 b5 13. Ne5 Ne7 14. g4 Ng6 15.
g5 Nxe5 16. fxe5 Ne4 17. Nxe4 dxe4 18. Qg4 Bc6 19. Bxe4 Bxe4 20. Rxc8 Qxc8 21.
Qxe4 O-O 22. f4 Rd8 23. g6 h6 24. gxf7+ Kxf7 25. f5 Kg8 26. f6 Rf8 27. Qg6 Qd7
28. Rf4 Qc7 29. Kf2 Rf7 30. Rg4 h5 31. Qxf7+ Qxf7 32. Rxg7+ Qxg7 33. fxg7 Kxg7
34. b4 Kg6 35. Kf3 Kf5 36. h3 h4 37. a3 Kg5 38. Ke4 Kg6 39. d5 Kf7 40. d6 {Black
resigns} 1-0

[Event "Team 45 45 League T86"]
[Site "Internet Chess Club"]
[Date "2020.10.12"]
[Round "2"]
[White "kingsrook"]
[Black "kabubi"]
[Result "1-0"]
[WhiteElo "1201"]
[BlackElo "1113"]
[Opening "King's Indian: Makagonov system (5.h3)"]
[ECO "E71"]
[Time "15:30:17"]
[TimeControl "2700+45"]

1. d4 Nf6 2. c4 g6 3. Nc3 Bg7 4. e4 d6 5. h3 O-O 6. Bg5 Nc6 7. Nf3 Re8 8. d5 Ne5
9. Nxe5 dxe5 10. Bd3 Nd7 11. O-O f6 12. Be3 e6 13. dxe6 Rxe6 14. c5 Qe7 15. Bc4
Kf8 16. Bxe6 Qxe6 17. Qd5 Qe7 18. Rad1 f5 19. f4 a6 20. exf5 gxf5 21. fxe5
{Black resigns} 1-0

[Event "Team 45 45 League T86"]
[Site "Internet Chess Club"]
[Date "2020.10.08"]
[Round "2"]
[White "mongmong"]
[Black "cap78red"]
[Result "1-0"]
[WhiteElo "1447"]
[BlackElo "1409"]
[Opening "King's Indian: Gligoric-Taimanov system"]
[ECO "E92"]
[Time "17:30:34"]
[TimeControl "2700+45"]

1. d4 Nf6 2. Nf3 g6 3. c4 Bg7 4. Nc3 O-O 5. e4 d6 6. Be2 e5 7. Be3 Nc6 8. d5 Ne7
9. Nd2 Nd7 10. b4 a5 11. a3 f5 12. f3 Nf6 13. c5 Nfxd5 14. Nxd5 Nxd5 15. exd5 f4
16. Bg1 axb4 17. axb4 Rxa1 18. Qxa1 e4 19. Qc1 e3 20. Ne4 Qh4+ 21. Kf1 Be5 22.
Bxe3 fxe3 23. Qxe3 Bf5 24. Bd3 Bxh2 25. Qf2 Qf4 26. g3 Bh3+ 27. Ke2 Bxg3 28.
Qxg3 Bg4 29. Qxf4 Rxf4 30. fxg4 dxc5 31. bxc5 Kg7 32. g5 b6 33. Rf1 Rh4 34. d6
bxc5 35. dxc7 c4 36. c8=Q cxd3+ 37. Kxd3 Rh3+ 38. Ke2 Rh2+ 39. Rf2 Rxf2+ 40.
Kxf2 h6 41. Qd7+ Kh8 42. Qe8+ Kg7 43. Qe7+ Kh8 44. Qf8+ Kh7 45. Qxh6+ Kg8 46.
Qxg6+ Kh8 47. Qf6+ Kg8 48. Qh6 Kf7 49. g6+ Ke6 50. g7+ Kf7 51. Qf6+ Kg8 52. Qf8+
Kh7 53. g8=Q# {Black checkmated} 1-0

[Event "Team 45 45 League T86"]
[Site "Internet Chess Club"]
[Date "2020.10.09"]
[Round "2"]
[White "Visin"]
[Black "xingon"]
[Result "0-1"]
[WhiteElo "1193"]
[BlackElo "1390"]
[Opening "French: exchange variation"]
[ECO "C01"]
[Time "14:00:29"]
[TimeControl "2700+45"]

1. e4 e6 2. d4 d5 3. exd5 exd5 4. Nf3 Nf6 5. Nc3 Bb4 6. Bd2 O-O 7. Be2 Re8 8.
O-O c5 9. dxc5 Bxc5 10. h3 Nbd7 11. Bb5 a6 12. Bxd7 Bxd7 13. Bg5 Qb6 14. b3 Ne4
15. Nxe4 dxe4 16. Qxd7 exf3 17. g3 Re2 18. Rae1 Bxf2+ 19. Kh1 Rxe1 20. Rxe1 Bxe1
{White resigns} 0-1

[Event "Team 45 45 League T86"]
[Site "Internet Chess Club"]
[Date "2020.10.11"]
[Round "2"]
[White "g8wrb"]
[Black "pagliaci"]
[Result "1-0"]
[WhiteElo "1272"]
[BlackElo "1212"]
[Opening "Nimzovich-Larsen attack: modern variation"]
[ECO "A01"]
[Time "13:01:15"]
[TimeControl "2700+45"]

1. b3 e5 2. Bb2 Nc6 3. e3 d5 4. Bb5 Bd6 5. Nf3 Qe7 6. O-O Nf6 7. d3 O-O 8. Bxc6
bxc6 9. c4 Bf5 10. Re1 Rfe8 11. Nc3 Ba3 12. Bxa3 Qxa3 13. Qd2 Rad8 14. Red1 e4
15. dxe4 Be6 16. exd5 cxd5 17. cxd5 c6 18. e4 cxd5 19. e5 Ng4 20. Nb5 Qc5 21.
Nd6 Re7 22. Rac1 Qb6 23. Nc4 Qb8 24. Qd4 Red7 25. Na5 Qb5 26. Nc6 Ra8 27. h3 Nh6
28. Rc5 Qb6 29. Rdc1 Nf5 30. Qf4 Ne7 31. Ncd4 h6 32. Rb5 Qd8 33. Qd2 Rc8 34.
Rbc5 Rdc7 35. Qa5 Rxc5 36. Qxd8+ Rxd8 37. Rxc5 Rc8 38. Rxc8+ Bxc8 39. Kf1 Kf8
40. Ke1 Nf5 41. Kd2 Ke7 42. Nc6+ Ke8 43. Nxa7 Bd7 44. b4 Kd8 45. b5 Kc7 46. a4
Kb6 47. Nc6 Bxc6 48. bxc6 Kxc6 49. Kc3 Kc5 50. g4 Ne7 51. Nd4 Ng6 52. e6 fxe6
53. Nxe6+ Kb6 54. Nxg7 Nf4 55. h4 Ng6 56. Nf5 Ka5 57. Kd4 Nxh4 58. Nxh4 Kxa4 59.
Kxd5 Kb5 60. Ke5 Kc4 61. f4 Kc5 62. f5 Kc6 63. Ke6 Kc7 64. Ke7 {Black resigns}
1-0

[Event "Team 45 45 League T86"]
[Site "Internet Chess Club"]
[Date "2020.10.11"]
[Round "2"]
[White "arconia"]
[Black "SeniorCitizen"]
[Result "0-1"]
[WhiteElo "1261"]
[BlackElo "1259"]
[Opening "French: advance, Paulsen attack"]
[ECO "C02"]
[Time "15:00:37"]
[TimeControl "2700+45"]

1. e4 e6 2. d4 d5 3. e5 c5 4. c3 Nc6 5. Nf3 Qb6 6. Be2 cxd4 7. cxd4 Bd7 8. O-O
Nge7 9. a3 Nf5 10. b4 Ncxd4 11. Nxd4 Qxd4 12. Qxd4 Nxd4 13. Bd3 Bb5 14. Bxb5+
Nxb5 15. Bb2 Kd7 16. f4 Rc8 17. a4 Nc7 18. Bc3 Na6 19. b5 Bc5+ 20. Kh1 Nb8 21.
Nd2 Be3 22. Bb4 Rc2 23. Rad1 Bxd2 24. Bxd2 Rhc8 25. h4 Ra2 26. f5 Rxa4 27. fxe6+
Kxe6 28. Bf4 Rcc4 29. g3 Nd7 30. Rf2 a5 31. Rdf1 Rc8 32. g4 Re4 33. h5 Re8 34.
Bg3 Rf8 35. g5 Nxe5 36. h6 g6 37. Rf6+ Kd7 38. Rc1 Rc8 39. Rd1 Rc5 40. b6 Rb5
41. Bxe5 Rxe5 42. Rc1 Kd8 43. Rxf7 Rxb6 44. Rxh7 Rxg5 45. Rh8+ Kd7 46. Rh7+ Ke6
47. Re1+ Kd6 48. Rhe7 Rh5+ 49. Kg2 Rxh6 50. R1e6+ Kc5 51. Rc7+ Rc6 52. Rexc6+
bxc6 53. Ra7 Kb6 54. Rd7 g5 55. Kf3 Rg6 56. Kg4 Kc5 57. Ra7 Kb5 58. Rb7+ Ka6 59.
Rc7 a4 60. Rc8 Ka5 61. Kf3 a3 62. Ra8+ Kb4 {White resigns} 0-1

[Event "Team 45 45 League T86"]
[Site "Internet Chess Club"]
[Date "2020.10.09"]
[Round "2"]
[White "kidcobra"]
[Black "Ehab"]
[Result "1-0"]
[WhiteElo "1857"]
[BlackElo "1847"]
[Opening "Petrov: Nimzovich attack"]
[ECO "C42"]
[Time "20:05:30"]
[TimeControl "2700+45"]

1. e4 e5 2. Nf3 Nf6 3. Nxe5 d6 4. Nf3 Nxe4 5. Nc3 Nxc3 6. dxc3 Be7 7. h3 Be6 8.
Bd3 a5 9. Nd4 Bd7 10. O-O O-O 11. Qf3 c5 12. Nf5 Bxf5 13. Qxf5 g6 14. Qd5 Nc6
15. Bh6 Re8 16. f4 Bf6 17. Bc4 Re6 18. f5 Ne7 19. Qxb7 Rb8 20. fxe6 Rxb7 21.
exf7+ Kh8 22. f8=Q+ Qxf8 23. Bxf8 Be5 24. Rf7 {Black resigns} 1-0

[Event "Team 45 45 League T86"]
[Site "Internet Chess Club"]
[Date "2020.10.08"]
[Round "2"]
[White "QuieroAprender"]
[Black "Manas"]
[Result "0-1"]
[WhiteElo "1692"]
[BlackElo "1681"]
[Opening "Queen's pawn: London system"]
[ECO "A45"]
[Time "20:08:10"]
[TimeControl "2700+45"]

1. d4 Nf6 2. Bf4 c5 3. e3 e6 4. c3 Nc6 5. Nf3 d5 6. Nbd2 Bd6 7. Bg3 O-O 8. Bd3
Qe7 9. Bh4 e5 10. dxe5 Nxe5 11. Nxe5 Bxe5 12. Nf3 Bg4 13. Qc2 g6 14. h3 Bd7 15.
O-O-O Bc6 16. g4 d4 17. Be4 Bxe4 18. Qxe4 Nxe4 19. Bxe7 Rfe8 20. Bh4 dxc3 21. b3
Bg7 22. Ng5 Nd2 23. Rxd2 cxd2+ 24. Kxd2 b5 25. Rc1 Rac8 26. f4 c4 27. bxc4 Rxc4
28. Rxc4 bxc4 29. Nf3 c3+ 30. Kc2 Rxe3 {White resigns} 0-1

[Event "Team 45 45 League T86"]
[Site "Internet Chess Club"]
[Date "2020.10.09"]
[Round "2"]
[White "KidRattler"]
[Black "Portola"]
[Result "1-0"]
[WhiteElo "1800"]
[BlackElo "1698"]
[Opening "Bird's opening"]
[ECO "A03"]
[Time "07:01:16"]
[TimeControl "2700+45"]

1. f4 d5 2. Nf3 Nf6 3. e3 Bg4 4. Be2 e6 5. b3 Be7 6. Bb2 Nbd7 7. O-O Bxf3 8.
Bxf3 c6 9. Nc3 Qc7 10. Ne2 h5 11. d4 Ng4 12. Bxg4 hxg4 13. g3 f5 14. c4 Nf6 15.
Rc1 Qd7 16. Rc2 Kf7 17. Rf2 Rh7 18. Nc1 Rah8 19. Nd3 Bd6 20. Ba3 Bc7 21. Rg2 Ke8
22. Qe1 Qf7 23. Qb4 Bb6 24. Ne5 Qc7 25. c5 Ba5 26. Qa4 Be1 27. Qxa7 Qc8 28. Kf1
Bxg3 29. hxg3 Rh1+ 30. Rg1 Ne4 31. Rg2 R8h3 32. Rxh1 Rxh1+ 33. Ke2 Rh3 34. Qa5
Nxg3+ 35. Kd3 Nf1 36. Bc1 Ng3 37. Qe1 Nh5 38. Kc2 Qa8 39. a4 Qa6 40. Nd3 Nf6 41.
Bd2 Ke7 42. Rg3 Rh2 43. Qg1 Rh6 44. Ne5 Ne4 45. Rg2 g3 46. Rxg3 Nxg3 47. Qxg3
Kf8 48. Qg5 Kg8 49. Qd8+ Kh7 50. Nf7 Rf6 51. Qh8+ Kg6 52. Ne5# {Black
checkmated} 1-0